[Event "42nd Olympiad Baku 2016 Open"]
[Site "Baku"]
[Date "2016.09.03"]
[Round "2.24"]
[White "Short, Nigel D"]
[Black "Pasaribu, Ivan Maxmillian Put"]
[Result "1-0"]
[ECO "A19"]
[WhiteElo "2666"]
[BlackElo "1860"]
[Annotator ""]
[PlyCount "65"]
[EventDate "2016.??.??"]
[EventCountry "AZE"]
[SourceTitle "playchess.com"]
[Source "ChessBase"]
[WhiteTeam "England"]
[BlackTeam "Indonesia"]
[WhiteTeamCountry "ENG"]
[BlackTeamCountry "INA"]
[TimeControl "40/5400+30:1800+30"]

1. c4 {(00:00)} Nf6 {(00:00)} 2. Nc3 {(00:00)} e6 {
(00:07)} 3. e4 {(00:33)} c5 {(00:14)} 4. e5 {(02:
35)} Ng8 {(00:11)} 5. Nf3 {(00:06)} Nc6 {(00:18)} 6. d4 {
(00:05)} cxd4 {(00:28)} 7. Nxd4 {(00:16)} Nxe5 {(
00:20)} 8. Ndb5 {(00:07)} a6 {(02:11)} 9. Nd6+ {(00:06)}
Bxd6 {(00:06)} 10. Qxd6 {(00:06)} f6 {(00:25)} 11. Be3 {
(00:09)} Ne7 {(01:09)} 12. Bb6 {(00:20)} Nf5 {(00:
14)} 13. Qb4 {(03:46)} Qe7 {(15:41)} 14. Qxe7+ {(03:55)}
Kxe7 {(00:30)} 15. f4 {(02:58)} Nc6 {(24:42)} 16. Bd3 {
(04:45)} Nfd4 {(03:48)} 17. O-O-O {(00:21)} d6 {(
10:26)} 18. Rhe1 {(34:06)} e5 {(07:45)} 19. c5 {(01:19)}
Bg4 {(12:12)} 20. cxd6+ {(03:46)} Kd7 {(01:32)} 21. Rd2 {
(01:29)} Rac8 {(04:07)} 22. fxe5 {(01:34)} fxe5 {(
01:30)} 23. Kb1 {(05:20)} Rhf8 {(04:37)} 24. Bxh7 {(02:06]
} Bf5+ {(03:11)} 25. Bxf5+ {(00:17)} Rxf5 {(00:02)} 26.
Bc7 {(04:33)} Rcf8 {(03:15)} 27. Na4 {(01:11)} Rf1 {
(02:19)} 28. Rdd1 {(00:34)} Rxe1 {(01:06)} 29. Rxe1 {
(00:19)} Rh8 {(00:57)} 30. Nc5+ {(02:55)} Kc8 {(00:
05)} 31. Bb6 {(00:04)} Rf8 {(01:20)} 32. d7+ {(00:20)} Kb8
{(00:03)} 33. d8=Q+ {(00:34)} 1-0

[Event "42nd Olympiad Baku 2016 Open"]
[Site "Baku"]
[Date "2016.09.03"]
[Round "2.36"]
[White "Sipila, Vilka"]
[Black "Bilguun, Sumiya"]
[Result "1-0"]
[ECO "B42"]
[WhiteElo "2447"]
[BlackElo "2444"]
[Annotator ""]
[PlyCount "77"]
[EventDate "2016.??.??"]
[EventCountry "AZE"]
[SourceTitle "playchess.com"]
[Source "ChessBase"]
[WhiteTeam "Finland"]
[BlackTeam "Mongolia"]
[WhiteTeamCountry "FIN"]
[BlackTeamCountry "MGL"]
[TimeControl "40/5400+30:1800+30"]

1. e4 {(00:00)} c5 {(00:00)} 2. Nf3 {(00:00)} e6 {(
00:04)} 3. d4 {(00:00)} cxd4 {(00:32)} 4. Nxd4 {(00:00)}
a6 {(00:27)} 5. Bd3 {(00:05)} Qb6 {(00:27)} 6. c3 {
(00:10)} Qc7 {(01:23)} 7. O-O {(00:12)} d6 {(01:21]
} 8. Qe2 {(00:41)} Nf6 {(05:56)} 9. f4 {(00:45)} Nbd7 {
(00:30)} 10. c4 {(01:40)} Be7 {(02:15)} 11. Nc3 {(
00:23)} h5 {(03:21)} 12. h3 {(24:28)} h4 {(01:37)} 13. Qf2
{(04:39)} Nh5 {(23:07)} 14. Re1 {(02:12)} Bf6 {(03:
02)} 15. Be3 {(02:07)} b6 {(03:28)} 16. Rac1 {(00:56)} Bb7
{(00:39)} 17. b4 {(00:55)} Qd8 {(03:20)} 18. Be2 {(
09:43)} Ng3 {(11:08)} 19. Bf3 {(00:33)} Rb8 {(04:19)} 20.
Red1 {(06:42)} g5 {(04:04)} 21. Nde2 {(17:05)} Nxe2+ {
(11:29)} 22. Nxe2 {(00:22)} gxf4 {(01:57)} 23. Bxf4 {
(00:14)} Be5 {(01:11)} 24. Bxe5 {(01:42)} dxe5 {(
04:17)} 25. Rd6 {(01:29)} Qc7 {(04:50)} 26. Rcd1 {(10:27)}
Rd8 {(04:30)} 27. c5 {(01:40)} bxc5 {(00:45)} 28. bxc5 {
(00:02)} Ke7 {(01:05)} 29. Qe3 {(02:21)} Rhg8 {(01:
32)} 30. Rc1 {(01:00)} Nb8 {(01:30)} 31. Rb1 {(04:17)} Bc6
{(00:34)} 32. Rbd1 {(01:10)} Bb5 {(00:42)} 33. Nc3 {
(01:09)} Nc6 {(00:32)} 34. Nd5+ {(02:46)} exd5 {(
00:23)} 35. exd5 {(00:02)} Rxd6 {(00:33)} 36. cxd6+ {(00:
03)} Qxd6 {(00:08)} 37. dxc6 {(00:05)} Qf6 {(01:01)} 38.
Qc5+ {(00:21)} Ke8 {(00:04)} 39. c7 {(00:10)} 1-0

[Event "42nd Olympiad Baku 2016 Open"]
[Site "Baku"]
[Date "2016.09.03"]
[Round "2.17"]
[White "Smerdon, David C"]
[Black "Saric, Ivan"]
[Result "0-1"]
[ECO "B22"]
[WhiteElo "2531"]
[BlackElo "2668"]
[Annotator ""]
[PlyCount "72"]
[EventDate "2016.??.??"]
[EventCountry "AZE"]
[SourceTitle "playchess.com"]
[Source "ChessBase"]
[WhiteTeam "Australia"]
[BlackTeam "Croatia"]
[WhiteTeamCountry "AUS"]
[BlackTeamCountry "CRO"]
[TimeControl "40/5400+30:1800+30"]

1. e4 {(00:00)} c5 {(00:00)} 2. c3 {(00:00)} Nf6 {(
00:00)} 3. e5 {(00:00)} Nd5 {(00:00)} 4. Nf3 {(00:03)} d6
{(00:00)} 5. d4 {(00:52)} cxd4 {(00:00)} 6. cxd4 {(
00:17)} e6 {(00:22)} 7. Bc4 {(00:34)} Be7 {(00:06)} 8. O-O
{(00:08)} O-O {(00:05)} 9. exd6 {(08:02)} Bxd6 {(
03:50)} 10. Nc3 {(01:37)} b6 {(04:13)} 11. Qd3 {(18:21)}
Bb7 {(06:05)} 12. Bg5 {(30:29)} Qd7 {(05:25)} 13. Rfe1 {
(03:35)} h6 {(16:42)} 14. Ne4 {(08:59)} Nb4 {(01:
37)} 15. Qb3 {(04:55)} Bxe4 {(08:31)} 16. Rxe4 {(00:54)}
N8c6 {(06:05)} 17. Bf6 {(09:09)} Nd5 {(11:18)} 18. Ne5 {
(05:04)} Bxe5 {(02:52)} 19. dxe5 {(02:15)} gxf6 {(
03:21)} 20. exf6 {(01:19)} Nxf6 {(05:21)} 21. Rxe6 {(00:
33)} Ng4 {(04:02)} 22. Rd1 {(01:37)} Nd4 {(00:08)} 23. Qh3
{(02:02)} Ne2+ {(06:27)} 24. Bxe2 {(00:05)} Qxe6 {(
00:02)} 25. Bxg4 {(00:31)} Rad8 {(00:29)} 26. Rc1 {(00:55]
} Qf6 {(00:51)} 27. g3 {(00:42)} Rd2 {(00:26)} 28. Bf5 {
(00:07)} Rfd8 {(02:02)} 29. Rc4 {(00:19)} R8d4 {(
01:51)} 30. Rc8+ {(00:52)} Kg7 {(00:23)} 31. g4 {(00:28)}
Qe5 {(01:24)} 32. Qe3 {(00:04)} Qxe3 {(01:47)} 33. fxe3 {
(00:04)} Rb4 {(00:19)} 34. b3 {(01:00)} Rxa2 {(00:
04)} 35. Rc3 {(00:03)} Rb2 {(00:07)} 36. Rc7 {(00:05)}
R4xb3 {(00:56)} 0-1

[Event "42nd Olympiad Baku 2016 Open"]
[Site "Baku"]
[Date "2016.09.03"]
[Round "2.17"]
[White "Solomon, Kenny"]
[Black "Parligras, Mircea-Emilian"]
[Result "0-1"]
[ECO "E15"]
[WhiteElo "2371"]
[BlackElo "2595"]
[Annotator ""]
[PlyCount "68"]
[EventDate "2016.??.??"]
[EventCountry "AZE"]
[SourceTitle "playchess.com"]
[Source "ChessBase"]
[WhiteTeam "South Africa"]
[BlackTeam "Romania"]
[WhiteTeamCountry "RSA"]
[BlackTeamCountry "ROU"]
[TimeControl "40/5400+30:1800+30"]

1. d4 {(00:00)} Nf6 {(00:00)} 2. c4 {(00:00)} e6 {(
00:00)} 3. Nf3 {(00:00)} b6 {(00:00)} 4. g3 {(00:05)} Ba6
{(00:09)} 5. b3 {(00:06)} Bb4+ {(00:26)} 6. Bd2 {(
00:12)} Be7 {(00:10)} 7. Nc3 {(00:35)} O-O {(00:42)} 8.
Qc2 {(15:58)} d5 {(01:30)} 9. cxd5 {(00:03)} exd5 {
(00:49)} 10. Bg2 {(00:10)} c5 {(00:52)} 11. O-O {(
02:35)} Nc6 {(02:33)} 12. dxc5 {(00:33)} d4 {(06:07)} 13.
Na4 {(04:06)} d3 {(01:23)} 14. exd3 {(03:00)} Bxd3 {
(00:08)} 15. Qc1 {(00:22)} Bxf1 {(00:55)} 16. Qxf1 {
(00:14)} bxc5 {(00:34)} 17. Rd1 {(03:24)} Qc8 {(05:
13)} 18. Be3 {(30:53)} Rb8 {(11:48)} 19. Bf4 {(03:20)} Rb4
{(00:42)} 20. Bd2 {(03:37)} Rb7 {(02:13)} 21. Be3 {
(13:54)} Rd8 {(05:47)} 22. Rc1 {(07:04)} Nd5 {(06:
44)} 23. Bh3 {(06:20)} Qb8 {(05:11)} 24. Bxc5 {(00:12)}
Rc7 {(01:17)} 25. Bxe7 {(05:13)} Ncxe7 {(00:31)} 26. Re1 {
(00:26)} Rc2 {(03:29)} 27. Ng5 {(00:30)} Rxa2 {(03:
33)} 28. Be6 {(00:34)} fxe6 {(07:13)} 29. Qh3 {(00:02)} h6
{(00:09)} 30. Qxe6+ {(00:12)} Kh8 {(00:05)} 31. Nf7+ {
(01:14)} Kh7 {(00:06)} 32. Qe4+ {(00:27)} Ng6 {(05:
46)} 33. Nxd8 {(00:35)} Qxd8 {(00:07)} 34. f4 {(00:33)}
Ndxf4 {(01:47)} 0-1

[Event "42nd Olympiad Baku 2016 Open"]
[Site "Baku"]
[Date "2016.09.03"]
[Round "2.11"]
[White "Stojanovic, Dalibor"]
[Black "Bluebaum, Matthias"]
[Result "0-1"]
[ECO "C11"]
[WhiteElo "2505"]
[BlackElo "2626"]
[Annotator ""]
[PlyCount "134"]
[EventDate "2016.??.??"]
[EventCountry "AZE"]
[SourceTitle "playchess.com"]
[Source "ChessBase"]
[WhiteTeam "Bosnia  Herzegovina"]
[BlackTeam "Germany"]
[WhiteTeamCountry "BIH"]
[BlackTeamCountry "GER"]
[TimeControl "40/5400+30:1800+30"]

1. e4 {(00:00)} e6 {(00:00)} 2. d4 {(00:00)} d5 {(
00:00)} 3. Nc3 {(02:01)} Nf6 {(00:04)} 4. Bg5 {(00:58)}
dxe4 {(01:15)} 5. Nxe4 {(00:08)} Be7 {(02:05)} 6. Nxf6+ {
(04:34)} Bxf6 {(00:30)} 7. Bxf6 {(00:06)} Qxf6 {(
00:11)} 8. Nf3 {(01:03)} O-O {(01:13)} 9. c3 {(02:45)} b6
{(01:51)} 10. Bd3 {(06:08)} Bb7 {(00:08)} 11. Qe2 {
(03:38)} Bxf3 {(07:52)} 12. gxf3 {(04:47)} Nd7 {(
01:59)} 13. O-O-O {(01:10)} Rad8 {(18:35)} 14. Qe4 {(16:
32)} Qh6+ {(04:23)} 15. Qe3 {(00:06)} Qh4 {(05:43)} 16.
Rhg1 {(15:43)} Nf6 {(05:29)} 17. Qe5 {(02:19)} c5 {
(05:52)} 18. dxc5 {(00:46)} Rd5 {(02:20)} 19. Qg3 {
(01:02)} Qh6+ {(03:55)} 20. Kb1 {(00:21)} Rxc5 {(
00:32)} 21. Bc2 {(02:06)} g6 {(06:35)} 22. Rd4 {(03:37)}
Rd5 {(04:34)} 23. Rgd1 {(04:08)} Rfd8 {(04:53)} 24. Rxd5 {
(07:49)} Rxd5 {(00:55)} 25. Rxd5 {(01:38)} Nxd5 {(
00:55)} 26. Qb8+ {(06:13)} Kg7 {(01:29)} 27. Qe5+ Nf6 {(
00:47)} 28. a4 {(06:00)} Qh4 {(03:33)} 29. Qc7 {(01:34)}
Qxf2 {(05:39)} 30. Qxa7 {(02:33)} Qg1+ {(00:31)} 31. Ka2 {
(00:04)} Qxh2 {(00:05)} 32. Bb3 {(00:51)} Qd6 {(00:
51)} 33. a5 {(00:05)} bxa5 {(00:54)} 34. Qxa5 {(00:26)} h5
{(01:27)} 35. c4 {(00:04)} h4 {(04:18)} 36. c5 {(
00:44)} Qe5 {(00:04)} 37. f4 {(05:16)} Qxf4 {(00:35)} 38.
c6 {(01:13)} Ne8 {(00:30)} 39. Qc3+ {(00:04)} Kh7 {
(02:42)} 40. Bc2 {(00:00)} Nc7 {(00:00)} 41. Bb3 {(
12:12)} Kg8 {(09:49)} 42. Qd3 {(02:48)} Kg7 {(02:10)} 43.
Qc3+ {(01:13)} e5 {(03:39)} 44. Qd3 {(03:52)} Qd4 {
(10:22)} 45. Qf1 {(05:06)} f5 {(01:02)} 46. Qe1 {(
00:13)} Kf6 {(02:09)} 47. Qa5 {(00:46)} Qd6 {(00:06)} 48.
Qc3 {(00:24)} g5 {(02:20)} 49. Qc4 {(00:21)} e4 {(
00:17)} 50. Qf7+ {(03:49)} Ke5 {(00:05)} 51. Qg7+ {(00:07]
} Kf4 {(00:05)} 52. Qd7 {(00:02)} Qe5 {(02:49)} 53. Qd2+ {
(00:19)} e3 {(01:49)} 54. Qh2+ {(00:08)} Ke4 {(00:
04)} 55. Qg2+ {(00:29)} Kd4 {(00:21)} 56. Qxg5 {(01:09)}
h3 {(01:40)} 57. Qh4+ {(03:33)} Kc5 {(00:21)} 58. Bd1 {
(02:27)} h2 {(02:45)} 59. Bf3 {(01:14)} e2 {(01:42]
} 60. Qe1 {(00:43)} Qe3 {(00:37)} 61. Qa5+ {(00:31)} Kd6 {
(00:00)} 62. Qb4+ {(00:25)} Ke6 {(00:19)} 63. Qc4+ {
(00:36)} Ke5 {(00:06)} 64. Qf7 {(00:27)} e1=Q {(00:
44)} 65. Qxc7+ {(00:05)} Kf6 {(00:04)} 66. Qd8+ {(00:30)}
Qe7 {(00:17)} 67. c7 {(00:57)} Qa5+ {(00:13)} 0-1

[Event "42nd Olympiad Baku 2016 Open"]
[Site "Baku"]
[Date "2016.09.03"]
[Round "2.28"]
[White "Studer, Noel"]
[Black "Flores, Diego"]
[Result "0-1"]
[ECO "E20"]
[WhiteElo "2445"]
[BlackElo "2595"]
[Annotator ""]
[PlyCount "58"]
[EventDate "2016.??.??"]
[EventCountry "AZE"]
[SourceTitle "playchess.com"]
[Source "ChessBase"]
[WhiteTeam "Switzerland"]
[BlackTeam "Argentina"]
[WhiteTeamCountry "SUI"]
[BlackTeamCountry "ARG"]
[TimeControl "40/5400+30:1800+30"]

1. d4 {(00:00)} Nf6 {(00:12)} 2. c4 {(00:00)} e6 {(
01:04)} 3. Nc3 {(00:00)} Bb4 {(00:22)} 4. f3 {(00:00)} d5
{(03:01)} 5. a3 {(00:53)} Be7 {(00:19)} 6. e4 {(01:
36)} dxe4 {(00:35)} 7. fxe4 {(00:06)} e5 {(00:19)} 8. d5 {
(00:16)} Bc5 {(00:31)} 9. Bg5 {(00:57)} O-O {(05:
50)} 10. Nf3 {(02:12)} Bg4 {(00:31)} 11. h3 {(00:20)} Bxf3
{(00:23)} 12. Qxf3 {(00:04)} Nbd7 {(02:53)} 13. O-O-O {
(11:25)} Re8 {(11:48)} 14. g4 {(08:13)} Bd4 {(01:
58)} 15. Ne2 {(00:16)} c6 {(12:00)} 16. Bg2 {(29:14)} Qb6
{(13:51)} 17. Nxd4 {(13:01)} exd4 {(00:07)} 18. Bxf6 {
(00:11)} Nxf6 {(00:30)} 19. Qf5 {(00:05)} Qb3 {(22:
44)} 20. g5 {(01:48)} Nxe4 {(07:51)} 21. Bxe4 {(00:06)}
Qe3+ {(00:06)} 22. Rd2 {(00:06)} Rxe4 {(02:28)} 23. Rf1 {
(03:03)} Rf8 {(00:12)} 24. dxc6 {(00:05)} bxc6 {(
00:45)} 25. Rf3 {(09:19)} Qe1+ {(00:52)} 26. Kc2 {(01:35)}
Re5 {(05:54)} 27. Qd7 {(01:32)} c5 {(01:57)} 28. Qxa7 {
(00:06)} Rxg5 {(01:21)} 29. b4 {(00:33)} Rg1 {(00:
13)} 0-1

[Event "42nd Olympiad Baku 2016 Open"]
[Site "Baku"]
[Date "2016.09.03"]
[Round "2.7"]
[White "Stupak, Kirill"]
[Black "Gadimbayli, Abdulla"]
[Result "1-0"]
[ECO "A06"]
[WhiteElo "2561"]
[BlackElo "2294"]
[Annotator ""]
[PlyCount "85"]
[EventDate "2016.??.??"]
[EventCountry "AZE"]
[SourceTitle "playchess.com"]
[Source "ChessBase"]
[WhiteTeam "Belarus"]
[BlackTeam "Azerbaijan"]
[WhiteTeamCountry "BLR"]
[BlackTeamCountry "AZE"]
[TimeControl "40/5400+30:1800+30"]

1. Nf3 {(00:00)} d5 {(00:00)} 2. g3 {(00:00)} Nf6 {
(00:16)} 3. Bg2 {(00:00)} c6 {(01:03)} 4. c4 {(00:
00)} Bg4 {(00:09)} 5. Ne5 {(00:00)} Be6 {(00:19)} 6. cxd5
{(00:00)} Bxd5 {(00:09)} 7. Nf3 {(00:04)} c5 {(00:
11)} 8. Nc3 {(00:03)} Bc6 {(00:05)} 9. O-O {(00:03)} e6 {
(06:25)} 10. Re1 {(07:15)} Bd6 {(12:16)} 11. a3 {(
16:42)} O-O {(16:20)} 12. Rb1 {(07:52)} b5 {(12:29)} 13.
e4 {(24:34)} e5 {(12:34)} 14. b4 {(00:16)} cxb4 {(
03:07)} 15. axb4 {(00:02)} a5 {(01:15)} 16. bxa5 {(00:01)}
b4 {(04:35)} 17. Nd5 {(00:09)} Nxd5 {(08:31)} 18. exd5 {
(00:05)} Bxd5 {(00:12)} 19. Nxe5 {(02:45)} Rxa5 {(
11:28)} 20. Bxd5 {(10:50)} Rxd5 {(00:08)} 21. Nc4 {(00:06]
} Bc5 {(02:21)} 22. Bb2 {(01:35)} Bd4 {(03:46)} 23. Qa4 {
(02:16)} Bc5 {(03:12)} 24. Rbc1 {(15:29)} Nd7 {(00:
36)} 25. Qb3 {(01:36)} Nb6 {(00:31)} 26. Ne5 {(03:53)} Bd6
{(00:30)} 27. Nc6 {(01:24)} Qg5 {(00:11)} 28. Bd4 {
(03:19)} Nd7 {(00:46)} 29. Qe3 {(01:23)} Qh5 {(00:
28)} 30. Rb1 {(00:31)} Rb5 {(00:33)} 31. Rec1 {(02:29)}
Qh3 {(00:24)} 32. Qf3 {(00:36)} Rh5 {(00:32)} 33. Qg2 {
(00:02)} Qg4 {(00:35)} 34. Re1 {(00:43)} Kh8 {(00:
30)} 35. Re4 {(00:47)} Qg6 {(00:27)} 36. Rbe1 {(00:01)}
Rb5 {(00:16)} 37. Qf3 {(00:56)} f6 {(00:49)} 38. Re6 {
(00:37)} Bc5 {(00:23)} 39. Qd5 {(00:34)} Nb6 {(00:
28)} 40. Qb3 {(00:00)} Nd7 {(00:00)} 41. Qc4 {(02:09)}
Bxd4 {(04:28)} 42. Qxb5 {(01:15)} Bc5 {(00:10)} 43. d4 {
(00:07)} 1-0

[Event "42nd Olympiad Baku 2016 Open"]
[Site "Baku"]
[Date "2016.09.03"]
[Round "2.31"]
[White "Sulskis, Sarunas"]
[Black "Bajarani, Ulvi"]
[Result "1/2-1/2"]
[ECO "C11"]
[WhiteElo "2519"]
[BlackElo "2509"]
[Annotator ""]
[PlyCount "117"]
[EventDate "2016.??.??"]
[EventCountry "AZE"]
[SourceTitle "playchess.com"]
[Source "ChessBase"]
[WhiteTeam "Lithuania"]
[BlackTeam "Azerbaijan"]
[WhiteTeamCountry "LTU"]
[BlackTeamCountry "AZE"]
[TimeControl "40/5400+30:1800+30"]

1. e4 {(00:00)} e6 {(00:00)} 2. d4 {(00:00)} d5 {(
00:00)} 3. Nc3 {(00:00)} Nf6 {(00:00)} 4. Bg5 {(00:15)}
dxe4 {(00:02)} 5. Nxe4 {(00:13)} Be7 {(00:09)} 6. Bxf6 {
(01:56)} gxf6 {(00:08)} 7. Qd2 {(04:01)} f5 {(02:
13)} 8. Nc3 {(02:48)} a6 {(00:18)} 9. g3 {(04:48)} Nd7 {
(06:27)} 10. Bg2 {(03:35)} Nf6 {(00:51)} 11. Nge2 {
(01:04)} Qd6 {(00:57)} 12. O-O {(02:42)} Bd7 {(03:
17)} 13. Bxb7 {(04:01)} Rb8 {(00:08)} 14. Bg2 {(00:04)}
Rxb2 {(00:40)} 15. Nc1 {(03:24)} Rb6 {(03:02)} 16. Nb3 {
(00:56)} O-O {(01:55)} 17. Rfe1 {(02:15)} Re8 {(05:
12)} 18. a3 {(01:58)} Bf8 {(03:34)} 19. Na5 {(03:09)} Rbb8
{(02:14)} 20. Nc4 {(07:36)} Qe7 {(00:11)} 21. Ne5 {
(01:10)} Bg7 {(02:47)} 22. Qd3 {(06:07)} Ng4 {(05:
51)} 23. Nxg4 {(05:36)} fxg4 {(00:07)} 24. Ne4 {(00:38)}
Bb5 {(05:07)} 25. Qd1 {(22:01)} Bc6 {(08:10)} 26. c3 {
(01:30)} Bxe4 {(02:44)} 27. Bxe4 {(03:07)} c5 {(02:
17)} 28. Ra2 {(02:19)} cxd4 {(01:37)} 29. cxd4 {(00:05)}
Qd6 {(05:19)} 30. Rd2 {(02:54)} Qxa3 {(01:52)} 31. Bc6 {
(04:46)} Red8 {(01:33)} 32. d5 {(02:03)} Qc3 {(01:
45)} 33. Rd3 {(02:25)} Qc4 {(00:28)} 34. Re2 {(00:41)} Rd6
{(04:40)} 35. Rc2 {(03:24)} Qe4 {(00:21)} 36. Re2 {
(01:27)} Qf5 {(00:56)} 37. Red2 {(01:03)} e5 {(00:
29)} 38. Rb3 {(00:39)} Rbd8 {(01:01)} 39. Qb1 {(01:18)}
Qxb1+ {(01:25)} 40. Rxb1 {(00:00)} e4 {(00:00)} 41. Ra2 {
(01:02)} h5 {(05:31)} 42. Rxa6 {(00:50)} Rf6 {(01:
59)} 43. Ra4 {(02:43)} e3 {(00:57)} 44. fxe3 {(00:06)} Bh6
{(00:12)} 45. e4 {(07:16)} Rf3 {(01:47)} 46. e5 {(
06:00)} Re3 {(01:37)} 47. d6 {(01:13)} Rxe5 {(00:17)} 48.
Ra8 {(03:41)} Rxa8 {(00:31)} 49. Bxa8 {(00:06)} Bg5 {
(01:05)} 50. d7 {(06:50)} Kg7 {(00:11)} 51. Rb8 {(
00:23)} Re1+ {(00:13)} 52. Kf2 {(00:13)} Rd1 {(00:09)} 53.
Bc6 {(01:18)} Rd2+ {(00:35)} 54. Ke1 {(00:09)} Rd6 {
(00:22)} 55. Ba4 {(01:27)} Rd4 {(00:50)} 56. Bc6 {(
01:03)} Rd6 {(00:12)} 57. Ba4 {(00:47)} Rd4 {(00:07)} 58.
Bc6 {(00:32)} Rd6 {(00:08)} 59. Ba4 {(01:06)} 1/2-1/2

[Event "42nd Olympiad Baku 2016 Open"]
[Site "Baku"]
[Date "2016.09.03"]
[Round "2.16"]
[White "Taalaibekov, Tagir"]
[Black "Sebenik, Matej"]
[Result "0-1"]
[ECO "A48"]
[WhiteElo "2223"]
[BlackElo "2526"]
[Annotator ""]
[PlyCount "131"]
[EventDate "2016.??.??"]
[EventCountry "AZE"]
[SourceTitle "playchess.com"]
[Source "ChessBase"]
[WhiteTeam "Kyrgyzstan"]
[BlackTeam "Slovenia"]
[WhiteTeamCountry "KGZ"]
[BlackTeamCountry "SLO"]
[TimeControl "40/5400+30:1800+30"]

1. d4 {(00:00)} Nf6 {(00:00)} 2. Nf3 {(00:00)} g6 {
(00:00)} 3. Bf4 {(00:29)} Bg7 {(00:09)} 4. Nc3 {(
02:04)} d5 {(01:16)} 5. e3 {(00:23)} O-O {(00:22)} 6. h4 {
(01:53)} c5 {(10:28)} 7. Be2 {(04:42)} Nc6 {(03:15]
} 8. Ne5 {(03:31)} cxd4 {(13:06)} 9. exd4 {(02:39)} Qb6 {
(00:09)} 10. Nxc6 {(01:05)} bxc6 {(00:05)} 11. Na4 {
(04:01)} Qa5+ {(00:07)} 12. c3 {(01:18)} Nd7 {(00:
24)} 13. O-O {(25:57)} e5 {(07:18)} 14. dxe5 {(04:15)}
Nxe5 {(00:07)} 15. Re1 {(00:20)} Re8 {(07:05)} 16. b4 {
(11:36)} Qd8 {(01:42)} 17. Bg5 {(00:51)} Qc7 {(07:
06)} 18. Nc5 {(08:30)} Bf5 {(02:49)} 19. Qd2 {(02:32)} a5
{(08:51)} 20. a3 {(00:06)} Nd7 {(06:04)} 21. Nxd7 {
(03:21)} Qxd7 {(00:13)} 22. Be3 {(00:54)} h5 {(03:
03)} 23. Bf1 {(05:18)} Re4 {(10:18)} 24. g3 {(06:45)} Bh3
{(08:37)} 25. Bd3 {(05:53)} Ree8 {(04:48)} 26. Bb6 {
(00:35)} axb4 {(00:17)} 27. axb4 {(00:18)} Rxa1 {(
01:37)} 28. Rxa1 {(00:01)} Qe6 {(01:48)} 29. Kh2 {(03:07)}
Bg4 {(00:39)} 30. Be3 {(00:49)} Bf3 {(01:04)} 31. Bf1 {
(00:45)} Be5 {(01:01)} 32. Bd4 {(01:07)} Qf6 {(00:
56)} 33. Bxe5 {(00:13)} Qxe5 {(00:18)} 34. Rc1 {(00:50)}
Kh7 {(00:24)} 35. c4 {(00:49)} d4 {(00:56)} 36. b5 {
(00:27)} cxb5 {(00:10)} 37. cxb5 {(00:02)} Bb7 {(
00:12)} 38. Bg2 {(00:56)} Bxg2 {(00:46)} 39. Kxg2 {(00:01]
} Qd5+ {(00:11)} 40. Kg1 {(00:00)} d3 {(00:00)} 41. Re1 {
(31:29)} Rxe1+ {(00:50)} 42. Qxe1 {(00:01)} Qxb5 {(
00:16)} 43. Qd2 {(00:59)} Qd5 {(01:12)} 44. Kh2 {(00:34)}
Kg7 {(05:32)} 45. Qb2+ {(00:30)} Kg8 {(00:07)} 46. Qd2 {
(00:28)} Qf3 {(00:20)} 47. Qb2 {(00:35)} Qe2 {(13:
20)} 48. Qf6 {(00:02)} d2 {(11:43)} 49. Qd8+ {(00:03)} Kg7
{(00:19)} 50. Qd4+ {(00:04)} Kh7 {(01:28)} 51. Qf6 {
(00:27)} Qc4 {(01:35)} 52. Qd8 {(01:25)} Qc3 {(00:
27)} 53. Qd5 {(00:31)} Kg7 {(00:21)} 54. Kg2 {(00:46)} Qb4
{(00:58)} 55. Qe5+ {(00:42)} Kf8 {(00:29)} 56. Qh8+ {
(00:27)} Ke7 {(00:07)} 57. Qe5+ {(00:15)} Kd7 {(00:
03)} 58. Qd5+ {(00:34)} Kc8 {(00:30)} 59. Kh2 {(00:41)}
Qc3 {(00:37)} 60. Qa8+ {(00:19)} Kc7 {(00:06)} 61. Qa7+ {
(00:21)} Kc6 {(00:16)} 62. Qa8+ {(00:26)} Kc5 {(00:
20)} 63. Qa7+ {(00:48)} Kb4 {(00:07)} 64. Qe7+ {(00:38)}
Qc5 {(01:16)} 65. Qe4+ {(00:16)} Kc3 {(00:10)} 66. Qe2 0-1

[Event "42nd Olympiad Baku 2016 Open"]
[Site "Baku"]
[Date "2016.09.03"]
[Round "2.7"]
[White "Tari, Aryan"]
[Black "Rahman, Ziaur"]
[Result "1-0"]
[ECO "B67"]
[WhiteElo "2570"]
[BlackElo "2512"]
[Annotator ""]
[PlyCount "105"]
[EventDate "2016.??.??"]
[EventCountry "AZE"]
[SourceTitle "playchess.com"]
[Source "ChessBase"]
[WhiteTeam "Norway"]
[BlackTeam "Bangladesh"]
[WhiteTeamCountry "NOR"]
[BlackTeamCountry "BAN"]
[TimeControl "40/5400+30:1800+30"]

1. e4 {(00:00)} c5 {(00:00)} 2. Nf3 {(00:00)} d6 {(
00:37)} 3. d4 {(00:01)} cxd4 {(00:06)} 4. Nxd4 {(00:06)}
Nf6 {(00:08)} 5. Nc3 {(00:04)} Nc6 {(00:14)} 6. Bg5 {
(00:44)} e6 {(00:10)} 7. Qd2 {(00:44)} a6 {(00:33)}
8. O-O-O {(01:54)} Bd7 {(00:15)} 9. f4 {(00:18)} b5 {
(00:23)} 10. Bxf6 {(00:57)} gxf6 {(00:09)} 11. Kb1 {
(03:02)} Qb6 {(01:00)} 12. Nxc6 {(00:08)} Bxc6 {(
00:07)} 13. f5 {(00:50)} b4 {(02:46)} 14. Ne2 {(00:11)} e5
{(00:27)} 15. Ng3 {(00:24)} h5 {(04:41)} 16. Bc4 {(
03:14)} h4 {(02:59)} 17. Nf1 {(00:24)} Qc5 {(01:38)} 18.
Ne3 {(17:05)} Bh6 {(19:04)} 19. Qxd6 {(00:30)} Qxd6 {
(02:31)} 20. Rxd6 {(00:08)} Bxe4 {(01:26)} 21. Ng4 {
(13:40)} Bxf5 {(01:29)} 22. Nxf6+ {(05:12)} Ke7 {(
03:00)} 23. Rb6 {(01:08)} h3 {(15:34)} 24. g4 {(10:08)}
Be6 {(01:22)} 25. Bxe6 {(02:15)} fxe6 {(00:48)} 26. Ne4 {
(00:36)} Rhb8 {(03:01)} 27. Rxb8 {(03:26)} Rxb8 {(
00:05)} 28. g5 {(00:21)} Bg7 {(03:19)} 29. Rf1 {(06:28)}
a5 {(23:29)} 30. Kc1 {(08:24)} Rh8 {(07:33)} 31. Kd2 {
(01:53)} Rh4 {(00:49)} 32. Ke3 {(00:25)} Rg4 {(02:
57)} 33. c4 {(01:45)} Rg2 {(01:21)} 34. Rf2 {(00:13)} Rg1
{(00:07)} 35. c5 {(01:21)} Re1+ {(00:17)} 36. Kd3 {
(00:42)} Rd1+ {(00:15)} 37. Rd2 {(01:37)} Rc1 {(00:
17)} 38. Rc2 {(00:45)} Rd1+ {(00:06)} 39. Ke2 {(00:31)}
Rh1 {(02:30)} 40. Kf3 {(00:00)} Rf1+ {(00:00)} 41. Kg3 {
(00:56)} Re1 {(09:48)} 42. c6 {(01:45)} Re3+ {(00:
06)} 43. Kf2 {(00:12)} Rxe4 {(00:14)} 44. c7 {(00:04)}
Rf4+ {(00:04)} 45. Kg3 {(02:14)} Rf8 {(00:05)} 46. c8=Q {
(00:06)} Rxc8 {(00:03)} 47. Rxc8 {(00:07)} e4 {(00:
24)} 48. b3 {(04:40)} Bd4 {(02:33)} 49. Rc4 {(00:54)} e5 {
(00:20)} 50. Kxh3 {(00:58)} e3 {(01:09)} 51. Rc2 {(
00:46)} Bc3 {(03:25)} 52. Re2 {(00:33)} Bd2 {(00:20)} 53.
Kg4 {(00:11)} 1-0